[Event "*** Titled Tuesday Blitz"]
[Site "Chess.com"]
[Date "2020.01.07"]
[Round "1"]
[White "albi1999"]
[Black "Chessalary"]
[Result "1-0"]
[WhiteElo "2538"]
[BlackElo "2069"]
[TimeControl "180+2"]
[EndTime "13:11:45 PST"]
[Termination "albi1999 won by checkmate"]

1. e4 c5 2. Nf3 d6 3. Bb5+ Bd7 4. Bxd7+ Qxd7 5. c4 e5 6. Nc3 Nf6 7. d3 h6 8. O-O Nc6 9. a3 Nd4 10. b4 b6 11. Rb1 Be7 12. Be3 O-O 13. b5 Qg4 14. Nd2 Qg6 15. a4 Ng4 16. Nd5 Bh4 17. g3 Bd8 18. Bxd4 cxd4 19. Qf3 Qh5 20. Qg2 Nf6 21.
Rfd1 Qe2 22. Qf3 Qxf3 23. Nxf3 Nxd5 24. cxd5 Rc8 25. Rdc1 Rc5 26. h4 Bc7 27. Nd2 Rc8 28. Nb3 Rxc1+ 29. Rxc1 Kf8 30. Kg2 Ke7 31. Kf3 Kd7 32.
h5 Bd8 33. Rxc8 Kxc8 34. Na1 Bg5 35. Ke2 Kb7 36. Nc2 a5 37. Kf3 Kc7 38. Kg4 g6 39. Ne1 Bd2 40. Nf3 Bc1 41. Nh4 gxh5+ 42. Kxh5 Kd7 43.
Nf5 f6 44. Kg6 Bg5 45. Nxh6 Be3 46. Ng4 Bd2 47. Nxf6+ Ke7 48. Ng4 Be1 49. Kf5 Bd2 50. Kg6 Be1 51. Kh5 Bd2 52. Kh4 Kf7 53. Kh3 Kg6 54.
Kg2 Kg5 55. Nh2 Bc1 56. Nf3+ Kf6 57. Nh4 Ba3 58. Nf5 Bb4 59. Kh3 Kg5 60. f3 Bc5 61. Ng7 Ba3 62. f4+ exf4 63. Ne6+ Kf6 64. gxf4 Bb2 65. Kg4 Bc3 66. Ng5 Kg6 67. Nf3 Kf6 68. e5+ dxe5 69. fxe5+ Ke7 70. Kf5 Bb2 71. Ke4 Ba3 72.
Nxd4 Bc5 73. Nf5+ Kd7 74. e6+ Ke8 75. d6 Kd8 76. Kd5 Bf2 77. Kc6 Kc8 78. d7+ Kb8 79. e7 Ka7 80. e8=Q Bg3 81. Qc8 Bc7 82. Qb7# 1-0

[Event "*** Titled Tuesday Blitz"]
[Site "Chess.com"]
[Date "2020.01.07"]
[Round "1"]
[White "AntonSmirnov"]
[Black "enriquetejedor"]
[Result "1/2-1/2"]
[WhiteElo "2876"]
[BlackElo "2478"]
[TimeControl "180+2"]
[EndTime "13:11:46 PST"]
[Termination "Game drawn by repetition"]

1. e4 e6 2. d4 d5 3. exd5 exd5 4. Qf3 c6 5. Bd3 Qf6 6. c3 Bd6 7. Be3 Be6 8. Nd2 Nd7 9. O-O-O O-O-O 10. Re1 h6 11. Qd1 Bf5 12. Qc2 Ne7 13. Ngf3 Rhe8 14. h3 Kb8 15. Re2 Bxd3 16. Qxd3 Qf5 17. Kc2 Qxd3+ 18.
Kxd3 f5 19. Rhe1 g5 20. g3 Ng6 21. Bf4 Nxf4+ 22. gxf4 Rxe2 23. Rxe2 Bxf4 24. Re6 Rh8 25. Re7 Kc8 26. Rf7 Rf8 27. Rh7 g4 28. Ng1 Nf6 29.
Rg7 Bxd2 30. Kxd2 Ne4+ 31. Ke2 h5 32. f3 Nd6 33. Rh7 Re8+ 34. Kf1 gxf3 35. Nxf3 Re3 36. Kf2 f4 37. Ng5 Ne4+ 38. Nxe4 dxe4 39. Rxh5 Rf3+ 40.
Ke2 Re3+ 41. Kf2 Rf3+ 42. Ke1 Rg3 43. Rf5 f3 44. Re5 Rg1+ 45. Kf2 Rg2+ 46. Kf1 Rxb2 47. Rxe4 Rh2 48. h4 Rxa2 49. Rf4 Rh2 50. Kg1 Rh3 51.
Kf2 Kc7 52. Ke3 a5 53. Kd3 b5 54. h5 f2+ 55. Kc2 Rh2 56. Kb3 Rxh5 57. Rxf2 Kb6 58. Rf8 Rh1 59. Kb2 Rh2+ 60. Kb3 Rh1 61. Kb2 Rh7 62.
Kb3 Rg7 63. Re8 Rf7 64. Rb8+ Kc7 65. Ra8 Kb6 66. Rb8+ Rb7 67. Rc8 Rc7 68. Rb8+ Ka7 69. Rh8 Kb7 70. Rh5 Rd7 71. Rh8 Re7 72. Rh1 Re3 73.
Rh7+ Kb6 74. Kb2 b4 75. cxb4 axb4 76. Kc2 Rc3+ 77. Kd2 Kb5 78. Rc7 Rc4 79. Kd3 Rc3+ 80. Kd2 Rh3 81. Kc2 Rg3 82. Rc8 Rg7 83. Kb3 Rg3+ 84. Kc2 Ra3 85. Rc7 Kb6 86. Rc8 Kb7 87.
Rh8 Rg3 88. Rf8 Kc7 89. Rh8 Rc3+ 90. Kd2 Rf3 91. Kc2 Ra3 92. Rg8 Rh3 93. Rf8 Rg3 94. Rh8 Kd6 95. Rd8+ Kc7 96. Rh8 1/2-1/2

[Event "*** Titled Tuesday Blitz"]
[Site "Chess.com"]
[Date "2020.01.07"]
[Round "1"]
[White "francyIM"]
[Black "2165149677570"]
[Result "1/2-1/2"]
[WhiteElo "2615"]
[BlackElo "2285"]
[TimeControl "180+2"]
[EndTime "13:12:07 PST"]
[Termination "Game drawn by 50-move rule"]

1. d4 Nf6 2. c4 b6 3. Nc3 Bb7 4.
Qc2 d5 5. Nf3 e6 6. Bg5 Be7 7.
e3 O-O 8. cxd5 Nxd5 9. Bxe7 Qxe7 10. Nxd5 Bxd5 11. Be2 Nd7 12. e4 Bb7 13. Qxc7 Bxe4 14. O-O Rfc8 15. Qf4 Bd5 16. Bd3 h6 17. Rfe1 Qf6 18.
Qxf6 Nxf6 19. Ne5 Rc7 20. Rec1 Rac8 21. Rxc7 Rxc7 22. f3 Kf8 23. Kf2 Ke7 24. Ke3 Nd7 25. a3 Nxe5 26. dxe5 g5 27. b4 Rc3 28. Kd2 Rc7 29. a4 a5 30. Rb1 Bc6 31. Rc1 Kd7 32. bxa5 bxa5 33. Rc5 Bxa4 34. Rxa5 Bc6 35. Ke3 Bd5 36. Ra1 Rb7 37. Rh1 Rb4 38. g3 g4 39.
Be4 Rb3+ 40. Kd4 Bxe4 41. fxe4 Rb2 42. Ke3 h5 43. h3 Rg2 44. Kf4 Rf2+ 45. Kg5 gxh3 46.
Rxh3 Re2 47. Kf4 Rf2+ 48. Ke3 Rf1 49. Rxh5 Ke7 50. Rh4 Rg1 51. Kf2 Ra1 52. Rh8 Ra2+ 53. Kf3 Ra3+ 54. Kf4 Ra1 55. Rb8 Rf1+ 56. Ke3 Rg1 57. Kf2 Ra1 58. Kf3 Rf1+ 59. Kg4 Rf2 60. Kg5 Re2 61. Rb6 Kf8 62. Kf4 Kg7 63. Rb1 Rf2+ 64.
Ke3 Ra2 65. Rh1 Ra3+ 66. Kf4 Ra2 67. g4 Rf2+ 68. Ke3 Rg2 69. Kf3 Ra2 70. Rb1 Ra3+ 71. Kf4 Ra2 72. Rb3 Rf2+ 73. Kg3 Re2 74. Kf3 Re1 75.
Kf4 Rf1+ 76. Rf3 Rg1 77. g5 Rh1 78. g6 Kxg6 79. Rg3+ Kh7 80. Ke3 Rh6 81. Kd4 Rg6 82. Rf3 Kg7 83. Kc5 Rg1 84. Kd6 Ra1 85. Kc5 Ra5+ 86.
Kd4 Ra4+ 87. Ke3 Ra5 88. Kf4 Ra1 89. Rg3+ Kf8 90. Rg2 Rf1+ 91. Ke3 Re1+ 92. Kf3 Rf1+ 93. Kg4 Re1 94. Kf4 Rf1+ 95. Ke3 Re1+ 96. Kd3 Rd1+ 97. Ke2 Ra1 98. Rg3 Ra2+ 99. Ke1 Ra1+ 100. Kf2 Ra2+ 101. Kf1 Ra1+ 102. Kg2 Ra2+ 103. Kh3 Re2 104. Rg4 Rf2 105. Kg3 Rf1 106. Rh4 Re1 107. Kf2 Ra1 108. Kf3 Rf1+ 109. Ke3 Rg1 110. Rh8+ Kg7 111. Ra8 Rg3+ 112. Kd4 Rg1 113. Kc5 Rd1 114. Ra4 Kg6 115. Ra2 Rd7 116. Kc6 Rd4 117. Rg2+ Kh7 118. Rg4 Rd1 119. Kc5 Rd2 120. Kc4 Rd8 121. Kc3 Rd7 122. Rg3 Rd8 123. Kc4 Rd7 124. Kc5 Rd8 125. Kc6 Rd1 126. Rg4 Rd2 127. Kc7 Rd1 128. Rf4 Kg6 1/2-1/2

[Event "*** Titled Tuesday Blitz"]
[Site "Chess.com"]
[Date "2020.01.07"]
[Round "1"]
[White "Alexander_Donchenko"]
[Black "karwowskikacper"]
[Result "0-1"]
[WhiteElo "2745"]
[BlackElo "2414"]
[TimeControl "180+2"]
[EndTime "13:13:10 PST"]
[Termination "karwowskikacper won by resignation"]

1. e4 c5 2. Nf3 Nc6 3. Bb5 e6 4. O-O Nge7 5. Re1 g6 6. c3 Bg7 7. d4 cxd4 8. cxd4 d5 9. e5 O-O 10. Bg5 Qb6 11. Nc3 a6 12. Bxc6 Nxc6 13. Qd2 Bd7 14.
Na4 Qa5 15. Nc5 Qxd2 16. Bxd2 Bc8 17. Rac1 Rd8 18. b4 Bf8 19. h4 Na7 20. Na4 Bd7 21. Nb6 Rab8 22. Rc7 Bc6 23. a4 Nc8 24. a5 Nxb6 25.
axb6 Rbc8 26. Rxc8 Rxc8 27. Rc1 Be7 28. Ne1 Bd8 29. Nd3 Bxb6 30. Nc5 Bxc5 31. bxc5 Bb5 32. Ba5 f5 33. Kh2 Kf7 34. Kg3 Rg8 35. Bd2 Rh8 36. Bh6 Rc8 37. Ra1 Ra8 38. Bd2 Kg7 39. Kf4 h6 40. f3 Kh7 41. Kg3 Rg8 42. Kf2 g5 43.
Rh1 Kg6 44. hxg5 hxg5 45. g4 fxg4 46. fxg4 Rf8+ 47. Kg3 Be2 48. Rh5 Rf3+ 49. Kg2 Rd3 50. Rxg5+ Kf7 51. Bc1 Rxd4 52. Rh5 Rxg4+ 53. Kf2 Rg2+ 54.
Kxg2 Bxh5 55. Kf2 Ke7 56. Ke3 Kd7 57. Kd4 Kc6 58. Bd2 Kb5 59. Bc3 a5 60. Bb2 Bg6 61. Bc1 Kb4 62. Bd2+ Ka4 63. Bc3 Kb5 64. Bb2 a4 65.
Ba3 Bc2 66. Kc3 Bb3 67. Kd4 Kc6 68.
Kc3 Kd7 69. Bb2 b5 70. cxb6 Kc6 71. Kd4 Kxb6 72. Ba3 Kb5 73. Kc3 Bd1 74. Kd4 Bg4 75. Kc3 Kc6 76. Kd4 Bd1 77. Ke3 Kd7 78. Kf4 Bb3 79. Ke3 Ke8 80. Bc5 Kf7 81. Kf4 Kg6 82.
Bd6 Kh5 83. Be7 Bc2 84. Bc5 Kh4 85. Ke3 Kg4 86. Kd4 Kf3 87. Bb4 Bb3 88. Ba3 Ke2 89.
Bb4 Kd1 90. Kc3 Kc1 91. Ba3+ Kb1 92. Bb4 Ka2 93. Bc5 Bc4 94. Bb4 Bb5 95. Bc5 Be8 96. Kc2 a3 97. Kc3 d4+ 98. Bxd4 Kb1 99. Kb4 a2 100.
Kc5 Bg6 101. Kd6 Bf5 0-1

[Event "*** Titled Tuesday Blitz"]
[Site "Chess.com"]
[Date "2020.01.07"]
[Round "1"]
[White "lucasran"]
[Black "Er_is_geen_hoop_meer"]
[Result "1/2-1/2"]
[WhiteElo "2663"]
[BlackElo "2351"]
[TimeControl "180+2"]
[EndTime "13:14:48 PST"]
[Termination "Game drawn by 50-move rule"]

1. Nf3 f5 2. c4 Nf6 3. g3 e6 4. Bg2 Be7 5. O-O O-O 6. Nc3 d6 7. d4 Ne4 8. Qc2 Nxc3 9. Qxc3 a5 10. b3 Nc6 11. Bb2 Bf6 12. Rad1 Qe7 13. Rfe1 e5 14.
dxe5 dxe5 15. Qc1 e4 16. Nd4 Ne5 17. Nb5 Qf7 18. Qa1 Re8 19. a4 h5 20. Rd5 Ng4 21. Red1 Be6 22. Rc5 Rac8 23. Bxf6 Nxf6 24. Nd4 Bd7 25.
Rxa5 b6 26. Ra7 e3 27. f3 f4 28. a5 fxg3 29. hxg3 h4 30. g4 Nxg4 31. fxg4 Qf2+ 32.
Kh1 h3 33. Bf3 Bxg4 34. Rg1 Bxf3+ 35. Nxf3 Re7 36. Qf1 bxa5 37. Rxa5 Rb8 38. Rb5 Ra8 39. Qxf2 exf2 40. Rf1 Rxe2 41. Rf5 Ra3 42. Nd4 Rd2 43. Ne6 Ra6 44. Nc5 Rc6 45. Ne4 Rd3 46. Nxf2 Rxb3 47.
Rg1 Re3 48. Rfg5 Re7 49. R1g4 Rf6 50. Nxh3 Ra6 51. Kh2 Ra3 52. Rg3 Ra2+ 53. Rg2 Ra3 54. R5g3 Ra4 55. Rg4 Ra3 56. Ng5 Rc3 57. Rf2 c5 58.
Rgf4 g6 59. Rf8+ Kg7 60. R8f4 Kh6 61. Nf3 g5 62. Rg4 Rf7 63. Kg2 Rf5 64. Kg3 Kh5 65. Rh2+ Kg6 66. Rf2 Kh5 67. Re4 Kg6 68. Kg4 Rf6 69.
Ne5+ Kg7 70. Rxf6 Kxf6 71. Nf3 Rc1 72. Kg3 Rc3 73. Kf2 Kf5 74. Re3 Rxc4 75. Ke2 Kf4 76. Nd2 Rd4 77. Rf3+ Ke5 78. Rc3 Kd5 79. Rg3 g4 80.
Nf1 Rf4 81. Ne3+ Ke4 82. Nxg4 c4 83. Nf2+ Kd4 84. Nd1 Rh4 85. Kd2 Rh2+ 86. Kc1 Kc5 87. Nc3 Rh1+ 88. Kd2 Rh2+ 89. Ne2 Kb4 90. Rg4 Rf2 91.
Ke3 Rh2 92. Rg8 Rh3+ 93. Kd2 Rd3+ 94. Kc2 Re3 95. Rb8+ Kc5 96. Nc3 Rh3 97. Rc8+ Kb4 98. Nd5+ Kb5 99. Nc3+ Kb4 100. Rb8+ Kc5 101. Ne4+ Kd4 102. Nd2 c3 103. Rd8+ Kc5 104. Ne4+ Kb4 105. Rb8+ Kc4 106. Rc8+ Kd4 107. Nxc3 Rh2+ 108. Kb3 Rh3 109. Rc4+ Ke5 110. Kb4 Rd3 111. Re4+ Kf5 112. Re1 Rd8 113. Kc4 Kf4 114.
Nd5+ Kf3 115. Kd4 Ra8 116. Re3+ Kf2 117. Re6 Ra4+ 118. Kd3 Ra3+ 119. Nc3 Kg3 120. Rf6 Kg4 121. Rf1 Kg5 122. Kd4 Kg6 123. Nd5 Ra2 124. Ke5 Re2+ 125. Kd6 Rd2 126. Kc5 Kg5 127. Nc3 Kg4 128. Kc4 Rd8 129. Ne4 Kh3 130. Rg1 Kh2 131. Rg7 Kh3 132. Ng5+ Kh4 133. Ne6 Rd1 134. Nd4 Kh5 135. Kd5 Kh6 136. Rg2 Kh5 137. Ke5 Re1+ 138. Kf4 Kh6 139. Nf5+ Kh7 140. Rg7+ Kh8 141. Rg4 Re8 142. Rg6 Kh7 143. Rh6+ Kg8 144. Kg5 Ra8 145. Rf6 Ra1 146. Ne3 Rg1+ 147. Ng4 Rg2 148. Kh5 Kg7 149. Ra6 Rg1 150. Kg5 Kf7 151. Kf5 Ke7 152. Ne5 Rf1+ 153. Ke4 Re1+ 154. Kd4 Rd1+ 155. Nd3 Kf7 156. Ke4 Kg7 157. Nf4 1/2-1/2

[Event "*** Titled Tuesday Blitz"]
[Site "Chess.com"]
[Date "2020.01.07"]
[Round "1"]
[White "Daxasy"]
[Black "Rakesh"]
[Result "1/2-1/2"]
[WhiteElo "2799"]
[BlackElo "2433"]
[TimeControl "180+2"]
[EndTime "13:17:02 PST"]
[Termination "Game drawn - insufficient material"]

1. e4 c5 2. Nf3 e6 3. d4 cxd4 4. Nxd4 a6 5. c4 Nf6 6. Nc3 Bb4 7. Qd3 d5 8. exd5 exd5 9. Be2 Nc6 10. Nxc6 bxc6 11.
O-O Be6 12. Bg5 dxc4 13. Qf3 O-O 14. Qxc6 Bxc3 15. bxc3 Qc8 16. Qf3 Bd5 17. Qf4 Ne4 18. Bf3 Nxc3 19. Rfc1 Bxf3 20. Rxc3 Bh5 21. Rxc4 Qe6 22. Rac1 Rfe8 23. h3 h6 24. Bh4 g5 25.
Bxg5 hxg5 26. Qxg5+ Bg6 27. h4 Qf5 28. Qg3 Rac8 29.
Kh2 Rxc4 30. Rxc4 Kh7 31. Rf4 Qd5 32. a3 Re4 33. Rxe4 Qxe4 34. f3 Qd3 35. Qg5 Qf5 36.
Qg3 Qa5 37. Qd6 Qb5 38. Qe7 Qf5 39. Qe3 a5 40. Kg3 a4 41. Qe7 Qd5 42. Kh2 Bf5 43. Qe3 Be6 44. g4 Qd6+ 45. Kg2 Qd5 46. Kg3 Qd6+ 47. Kg2 Qd5 48. h5 Bxg4 49. h6 Bf5 50. Kg3 Qd6+ 51. Kf2 Qxh6 52. Qd4 Qe6 53. Qh4+ Kg7 54.
Qxa4 Qa2+ 55. Kg3 Qe6 56. Kf2 Bg6 57. Qd4+ Qf6 58. Qc5 Qb2+ 59. Kg3 Qb8+ 60. Kg2 Qb2+ 61. Kg3 Qa1 62. Kg2 Kh7 63. Qb4 Qa2+ 64. Kg3 Bc2 65. Qh4+ Kg7 66. Qg5+ Bg6 67. Qe5+ Kh7 68. Qc5 Qb3 69.
Qe7 Qa4 70. Qd6 Qa5 71. Qe7 Qa6 72. Qh4+ Kg8 73. Qd8+ Kh7 74. Qh4+ Kg7 75. Qd4+ f6 76. Qd7+ Bf7 77. Qg4+ Kf8 78. Qb4+ Ke8 79. a4 Be6 80. a5 Bd7 81. Qb8+ Kf7 82. Qc7 Qc6 83. Qf4 Qa4 84. Qd2 Bc6 85. Qc3 Bd5 86. Qc7+ Kg6 87. Qd8 Qb3 88.
Qe8+ Bf7 89. Qe4+ Kg7 90. Qg4+ Kf8 91. Qc8+ Kg7 92. a6 Bd5 93. Qg4+ Kf8 94. a7 Qb7 95. Qd4 Kf7 96. Qd3 Ke6 97. Qe3+ Kd7 98. Qd4 Ke7 99. Qc5+ Kf7 100. Qe3 Qc7+ 101. Kg2 Qb7 102. Kf2 Bc6 103. Kg3 Kf8 104. Qd4 Ke7 105. Qc5+ Kd7 106. Qd4+ Ke6 107.
Qe3+ Kf7 108. Kf2 Qa6 109. Kg3 Bb7 110. Qb3+ Ke7 111. Qe3+ Kd7 112. Kf2 Kc7 113. Qc5+ Kd7 114. Qd4+ Kc7 115. Qe3 Qc6 116. Kg2 Qd5 117. Qe7+ Kb6 118. Qxf6+ Kxa7 119. Kg3 Bc6 120. Qe7+ Kb6 121. Qf6 Kc7 122. Qe7+ Kb6 123. Qf6 Kb5 124. Qb2+ Ka4 125. Qa1+ Kb3 126. Qb1+ Ka3 127. Qa1+ Kb4 128. Qb1+ Ka5 129. Qe1+ Ka6 130. Qa1+ Kb7 131. Qg7+ Kb6 132. Qb2+ Bb5 133. Qf6+ Ka5 134. Qc3+ Ka6 135. f4 Qg8+ 136. Kf2 Qd5 137. Qf6+ Ka5 138. Qc3+ Ka6 139. Qa3+ Kb7 140. Qf3 Bc6 141. Qxd5 Bxd5 142. Ke3 Kc6 143. Kd4 Bg2 144. Ke5 Kd7 145. Kf6 Ke8 146. Kg7 Bd5 147. f5 Bc4 148. f6 Bf7 149. Kh8 Kf8 150. Kh7 Ke8 151. Kg7 Be6 152. Kg6 Bf7+ 153. Kg7 Be6 154. f7+ Bxf7 1/2-1/2

[Event "*** Titled Tuesday Blitz"]
[Site "Chess.com"]
[Date "2020.01.07"]
[Round "2"]
[White "Keaton87"]
[Black "el-reptiliano"]
[Result "0-1"]
[WhiteElo "2617"]
[BlackElo "2322"]
[TimeControl "180+2"]
[EndTime "13:20:12 PST"]
[Termination "el-reptiliano won by resignation"]

1. d4 d5 2. Nf3 Nf6 3. Bf4 e6 4. e3 Bd6 5. Bg3 O-O 6. Bd3 c5 7. c3 Qc7 8. Ne5 Nc6 9. Nd2 Nxe5 10. dxe5 Bxe5 11. Bh4 d4 12. f4 dxe3 13. fxe5 exd2+ 14. Kxd2 Qxe5 15. Kc2 c4 0-1

[Event "*** Titled Tuesday Blitz"]
[Site "Chess.com"]
[Date "2020.01.07"]
[Round "2"]
[White "Eliwood44"]
[Black "korbul"]
[Result "1-0"]
[WhiteElo "2331"]
[BlackElo "2614"]
[TimeControl "180+2"]
[EndTime "13:20:48 PST"]
[Termination "Eliwood44 won by resignation"]

1. d4 Nf6 2. Nf3 b6 3. e3 Bb7 4. Bd3 d5 5. O-O g6 6. c4 Bg7 7.
cxd5 Nxd5 8. a3 O-O 9. e4 Nf6 10. Nc3 c5 11. dxc5 bxc5 12. Be3 Nbd7 13. Rc1 a6 14. h3 e6 15. e5 Nd5 16. Nxd5 Bxd5 17.
Bxc5 Nxc5 18. Rxc5 Qb6 19. b4 a5 20. Rb5 Qd8 21. Qe2 axb4 22. axb4 Ra3 23. Be4 Ra2 24. Qd3 Bxe4 25. Qxe4 Qd7 26. Rb7 Qa4 27. b5 Rb2 28.
Qxa4 1-0

[Event "*** Titled Tuesday Blitz"]
[Site "Chess.com"]
[Date "2020.01.07"]
[Round "2"]
[White "marcodobrikov"]
[Black "Gr3egor"]
[Result "0-1"]
[WhiteElo "2347"]
[BlackElo "2746"]
[TimeControl "180+2"]
[EndTime "13:20:59 PST"]
[Termination "Gr3egor won by checkmate"]

1. e4 g6 2. d4 Bg7 3. Nc3 a6 4. Be3 d6 5. Qd2 Nd7 6. O-O-O b5 7. g4 Bb7 8. f3 Nb6 9. h4 b4 10. Nb1 a5 11. a3 Nf6 12. Bd3 d5 13. e5 Nfd7 14.
f4 Nc4 15. Bxc4 dxc4 16. Rh3 c3 17. bxc3 bxa3 18. Nxa3 Nb6 19. c4 Qd7 20. Qe2 Qa4 21. Bd2 Ba6 22. Rc3 Rb8 23. Rb3 O-O 24. Qe3 Nxc4 25.
Nxc4 Qa1+ 26. Rb1 Rxb1# 0-1

[Event "*** Titled Tuesday Blitz"]
[Site "Chess.com"]
[Date "2020.01.07"]
[Round "2"]
[White "VeraNebolsina"]
[Black "Zubrrr"]
[Result "0-1"]
[WhiteElo "2350"]
[BlackElo "2750"]
[TimeControl "180+2"]
[EndTime "13:21:27 PST"]
[Termination "Zubrrr won by resignation"]

1. e4 c5 2. Nc3 d6 3. Bc4 e6 4. d3 a6 5. a3 b5 6. Ba2 Nf6 7. Nf3 Bb7 8. O-O Nbd7 9. Ne2 Qc7 10. c3 d5 11. exd5 Nxd5 12. Ng3 Be7 13. Ng5 h6 14. Qh5 g6 15. Qh4 O-O-O 0-1

[Event "*** Titled Tuesday Blitz"]
[Site "Chess.com"]
[Date "2020.01.07"]
[Round "2"]
[White "NTBT_DHS"]
[Black "Parhamov"]
[Result "0-1"]
[WhiteElo "2633"]
[BlackElo "3067"]
[TimeControl "180+2"]
[EndTime "13:21:28 PST"]
[Termination "Parhamov won by resignation"]

1. d4 d5 2. Nc3 Bf5 3. Bg5 h6 4. Bh4 a6 5. f3 Nf6 6. e3 e6 7.
Bd3 Bxd3 8. cxd3 c5 9. Nge2 Nc6 10. dxc5 Bxc5 11. d4 Be7 12. O-O O-O 13. Rc1 Rc8 14. Qd3 Ne8 15. Bxe7 Qxe7 16. e4 Nf6 17. e5 Ne8 18. f4 g6 19. Rf3 Ng7 20. Rh3 h5 21. Rf1 Qb4 22. Nd1 Nf5 23. Ne3 Ncxd4 24. Nxd4 Qxd4 25.
Qxd4 Nxd4 26. Kh1 Kg7 27. g4 hxg4 28. Nxg4 Rh8 29. Rd3 Nf5 30. Rf2 Rc1+ 31. Kg2 Nh4+ 32. Kh3 Rg1 0-1

[Event "*** Titled Tuesday Blitz"]
[Site "Chess.com"]
[Date "2020.01.07"]
[Round "2"]
[White "Heineccius"]
[Black "semchik73"]
[Result "1-0"]
[WhiteElo "2658"]
[BlackElo "2333"]
[TimeControl "180+2"]
[EndTime "13:21:35 PST"]
[Termination "Heineccius won by resignation"]

1. d4 d5 2. c4 c6 3. Nf3 Nf6 4.
e3 g6 5. Bd3 Bg7 6. O-O O-O 7.
b3 Bg4 8. Nbd2 Nbd7 9. Bb2 Re8 10.
h3 Bxf3 11. Nxf3 Ne4 12. Bxe4 dxe4 13. Ng5 Nf6 14. Qc2 e5 15. dxe5 Nd7 16. Nxe4 Nxe5 17. Rad1 Qh4 18. Nd6 Re6 19. f4 Nd7 20. Bxg7 Kxg7 21.
f5 Rxe3 22. fxg6 Ne5 23. Nf5+ 1-0

[Event "*** Titled Tuesday Blitz"]
[Site "Chess.com"]
[Date "2020.01.07"]
[Round "2"]
[White "Khalakhanov"]
[Black "BobanBogosavljevic"]
[Result "0-1"]
[WhiteElo "2342"]
[BlackElo "2733"]
[TimeControl "180+2"]
[EndTime "13:21:36 PST"]
[Termination "BobanBogosavljevic won by checkmate"]

1. e4 c5 2. Nc3 Nc6 3. f4 g6 4. Nf3 Bg7 5. Bb5 Nd4 6. O-O e6 7. e5 a6 8. Bd3 d5 9. exd6 Qxd6 10.
Ne4 Qc7 11. c3 Nxf3+ 12. Qxf3 Ne7 13. Bc2 O-O 14. d3 b6 15. Ng5 Bb7 16. Qh3 h6 17. Ne4 Nf5 18. g4 Nd6 19. f5 exf5 20. Nxd6 Qxd6 21.
gxf5 Qc6 22. Bxh6 Bxh6 23. Bb3 Be3+ 24. Rf2 Qh1# 0-1

[Event "*** Titled Tuesday Blitz"]
[Site "Chess.com"]
[Date "2020.01.07"]
[Round "2"]
[White "amintabatabaei"]
[Black "xamax2000"]
[Result "0-1"]
[WhiteElo "2925"]
[BlackElo "2628"]
[TimeControl "180+2"]
[EndTime "13:21:44 PST"]
[Termination "xamax2000 won by resignation"]

1. e4 c5 2. Nf3 d6 3. Bb5+ Bd7 4. Bxd7+ Qxd7 5. c4 Nf6 6. Nc3 g6 7. d4 cxd4 8. Nxd4 Bg7 9. f3 O-O 10. Be3 Nc6 11.
Rc1 a6 12. Nxc6 bxc6 13. O-O Qb7 14. Na4 Nd7 15. Qe2 c5 16. b3 Ne5 17. Nc3 Nc6 18.
Qd2 Nd4 19. Ne2 Nxe2+ 20. Qxe2 a5 21. Rb1 a4 22. bxa4 Qa6 23. Rf2 Qxa4 24. h4 h5 25.
Bg5 Ra7 26. Qc2 Bd4 27. Qxa4 Rxa4 28. Bxe7 Rxa2 29. Rf1 Rb8 30. Bxd6 Rxf2 0-1

[Event "*** Titled Tuesday Blitz"]
[Site "Chess.com"]
[Date "2020.01.07"]
[Round "2"]
[White "Kumi29"]
[Black "shanemelaughcm"]
[Result "1-0"]
[WhiteElo "2517"]
[BlackElo "2279"]
[TimeControl "180+2"]
[EndTime "13:21:59 PST"]
[Termination "Kumi29 won by resignation"]

1. d4 e6 2. e4 c5 3. d5 exd5 4. exd5 d6 5. Nd2 Be7 6. Nc4 Nf6 7. a4 O-O 8. h3 Na6 9. g4 Nc7 10. Bg2 a6 11. a5 Rb8 12. Ne2 Re8 13. O-O Bf8 14.
Ng3 g6 15. c3 Nd7 16. f4 Qh4 17. Qf3 b5 18. axb6 Nxb6 19. Nxb6 Rxb6 20. Kh2 Bb7 21. c4 Rb8 22. f5 Qe7 23. fxg6 fxg6 24. Ra3 Qg7 25. Re3 Ne8 26. Re6 Bc8 27. Rxe8 Bxg4 28. Qxf8+ Qxf8 29. Rfxf8+ Kg7 30. Rxb8 1-0

[Event "*** Titled Tuesday Blitz"]
[Site "Chess.com"]
[Date "2020.01.07"]
[Round "2"]
[White "FedaMaster"]
[Black "Colombiano07"]
[Result "1-0"]
[WhiteElo "2444"]
[BlackElo "2160"]
[TimeControl "180+2"]
[EndTime "13:22:04 PST"]
[Termination "FedaMaster won by resignation"]

1. e4 c5 2. d4 cxd4 3. c3 dxc3 4. Nxc3 Nc6 5. Nf3 e6 6. Bc4 Qc7 7. O-O a6 8. Nd5 exd5 9. exd5 Bd6 10. dxc6 Ne7 11.
Ng5 Bxh2+ 12. Kh1 d5 13. Bxd5 O-O 14. Qh5 Bf5 15. Bxf7+ Kh8 16. cxb7 Rad8 17. Qxh2 Qxh2+ 18. Kxh2 h6 19. Ne6 Bxe6 20. Bxe6 1-0

[Event "*** Titled Tuesday Blitz"]
[Site "Chess.com"]
[Date "2020.01.07"]
[Round "2"]
[White "Bykov_Egor"]
[Black "ITheOnlyME"]
[Result "1-0"]
[WhiteElo "2617"]
[BlackElo "2321"]
[TimeControl "180+2"]
[EndTime "13:22:07 PST"]
[Termination "Bykov_Egor won by resignation"]

1. d4 d6 2. Nf3 g6 3. c4 Bg7 4.
Nc3 Nf6 5. e4 O-O 6. Be2 e5 7. O-O Nh5 8. Bg5 f6 9. Be3 Nc6 10.
dxe5 dxe5 11. c5 Be6 12. Nd5 Ne7 13. Bc4 c6 14. Nxe7+ Qxe7 15. Qb3 Bxc4 16. Qxc4+ Kh8 17. Rfd1 Rfd8 18. h3 Nf4 19. Bxf4 exf4 20. b4 f5 21. Rxd8+ Rxd8 22. Re1 fxe4 23. Rxe4 Qc7 24. Ng5 Rd1+ 25. Kh2 Rd5 26. Re8+ Bf8 27. Rxf8+ Kg7 28. Ne6+ 1-0

[Event "*** Titled Tuesday Blitz"]
[Site "Chess.com"]
[Date "2020.01.07"]
[Round "2"]
[White "valeriocarnicelli"]
[Black "Proteuo"]
[Result "0-1"]
[WhiteElo "2515"]
[BlackElo "2335"]
[TimeControl "180+2"]
[EndTime "13:22:09 PST"]
[Termination "Proteuo won by resignation"]

1. Nf3 Nf6 2. e3 d5 3. b3 e6 4. Bb2 Be7 5. c4 O-O 6. Be2 c5 7. O-O Nc6 8. d4 cxd4 9. Nxd4 Nxd4 10. Qxd4 b6 11. Nc3 Bb7 12. cxd5 Bc5 13. Qh4 Nxd5 14. Qxd8 Rfxd8 15. Bf3 Rac8 16. Rac1 Nxc3 17. Bxb7 Ne2+ 18.
Kh1 Nxc1 19. Bxc8 Nd3 20. Bxe6 fxe6 21. Bc3 Nxf2+ 22. Kg1 Bxe3 23. Re1 Bc5 24. b4 Nd3+ 25. bxc5 Nxe1 26. Bxe1 bxc5 27. Kf2 Kf7 28. Ke3 Rd4 29. Bc3 e5 0-1

[Event "*** Titled Tuesday Blitz"]
[Site "Chess.com"]
[Date "2020.01.07"]
[Round "2"]
[White "machinegun1"]
[Black "Martins-BR"]
[Result "1-0"]
[WhiteElo "2566"]
[BlackElo "2317"]
[TimeControl "180+2"]
[EndTime "13:22:10 PST"]
[Termination "machinegun1 won by resignation"]

1. e4 c5 2. Nf3 e6 3. d4 cxd4 4. c3 dxc3 5. Nxc3 Nc6 6. Bg5 f6 7. Be3 a6 8. Bc4 Bb4 9. O-O Nge7 10. a3 Ba5 11. b4 Bb6 12. Bf4 O-O 13. Bd6 Rf7 14. Qd2 Bc7 15. Rfd1 Bxd6 16. Qxd6 b5 17. Bb3 Ra7 18. Rac1 Qc7 19. Qc5 Qb8 20. Nd5 exd5 21.
exd5 Ne5 22. Nxe5 fxe5 23. d6 Bb7 24. dxe7 Bc6 25. Qxa7 1-0

[Event "*** Titled Tuesday Blitz"]
[Site "Chess.com"]
[Date "2020.01.07"]
[Round "2"]
[White "garfield_pg"]
[Black "wannabe2700"]
[Result "0-1"]
[WhiteElo "2352"]
[BlackElo "2761"]
[TimeControl "180+2"]
[EndTime "13:22:13 PST"]
[Termination "wannabe2700 won by resignation"]

1. e4 e6 2. d4 d5 3. Nc3 Nf6 4.
Bg5 dxe4 5. Nxe4 Nbd7 6. Nxf6+ Nxf6 7. Bd3 h6 8. Bh4 c5 9. Nf3 cxd4 10. Qe2 Bb4+ 11.
Kf1 O-O 12. Bxf6 Qxf6 13. Qe4 Rd8 14. Rd1 g6 15. h4 h5 16. Ne5 Bf8 17. Rh3 Bg7 18.
Nxg6 Qxg6 19. Qxg6 fxg6 20. Bxg6 e5 21. Rf3 Bg4 0-1

[Event "*** Titled Tuesday Blitz"]
[Site "Chess.com"]
[Date "2020.01.07"]
[Round "2"]
[White "Everyfishknows"]
[Black "Airquake"]
[Result "0-1"]
[WhiteElo "2339"]
[BlackElo "2682"]
[TimeControl "180+2"]
[EndTime "13:22:15 PST"]
[Termination "Airquake won by resignation"]

1. Nf3 c5 2. c4 Nf6 3. Nc3 e6 4.
g3 Be7 5. Bg2 O-O 6. O-O d5 7.
cxd5 exd5 8. d4 h6 9. Bf4 Nc6 10. Rc1 c4 11. Ne5 Be6 12. e4 dxe4 13. Nxc6 bxc6 14. Nxe4 Nd5 15. Bd2 Qb6 16. Rxc4 Ne3 17. Bxe3 Bxc4 18. Re1 Qxb2 19. Qg4 Be6 20. Qf4 Qxa2 21.
Nc3 Qc4 22. Ne4 Bd5 23. Qg4 f5 24. Qg6 Bxe4 25. Bxh6 Qf7 26. Qxf7+ Rxf7 27. Bf4 Bxg2 0-1

[Event "*** Titled Tuesday Blitz"]
[Site "Chess.com"]
[Date "2020.01.07"]
[Round "2"]
[White "Korona_91"]
[Black "earling8018"]
[Result "1-0"]
[WhiteElo "2388"]
[BlackElo "2059"]
[TimeControl "180+2"]
[EndTime "13:22:25 PST"]
[Termination "Korona_91 won by resignation"]

1. e4 e5 2. Nf3 Nc6 3. Bc4 Nf6 4. d3 h6 5. c3 d6 6. a4 g6 7.
Nbd2 Bg7 8. O-O O-O 9. Re1 Qe7 10. d4 Nd7 11. Nf1 Nb6 12. Bb5 Nd8 13. b3 c6 14.
Bd3 Ne6 15. dxe5 dxe5 16. Ba3 c5 17. a5 Nd7 18. Ne3 Rd8 19. Nd5 Qd6 20. b4 Nf6 21.
c4 b6 22. Bb2 Nd4 23. Bxd4 exd4 24. e5 Qc6 25. Ne7+ 1-0